 Dungeon Sprint DCSS version 0.30-a0-49-g1cef19eb02 (webtiles) character file.

Game seed: 555124251193428076

123 rocky1 the Digger (level 5, -9/33 HPs)
             Began as an Octopode Earth Elementalist on Sept 3, 2022.
             Was a Priest of Vehumet.
             Mangled by a wolf (10 damage)
             ... in the Dungeon (Sprint VII: "The Pits").
             The game lasted 00:01:52 (828 turns).

rocky1 the Digger (Octopode Earth Elementalist)      Turns: 828, Time: 00:01:53

Health: -9/33      AC:  1    Str:  7    XL:     5   Next: 7%
Magic:  7/11       EV: 14    Int: 19    God:    Vehumet [***...]
Gold:   0          SH:  0    Dex: 13    Spells: 5/13 levels left

rFire   . . .      SeeInvis .    k - +2 quarterstaff (protect)
rCold   . . .      Faith    .    (shield currently unavailable)
rNeg    . . .      Spirit   .    (helmet restricted)
rPois   .          Reflect  .    (no amulet)
rElec   .          Harm     .    (no ring)
rCorr   .          Rampage  .    (no ring)
Will    .....      NoTele   +    (no ring)
Stlth   ++++......               (no ring)
HPRegen 0.11/turn                (no ring)
MPRegen 0.12/turn                (no ring)
                                 (no ring)
                                 (no ring)

@: no status effects
A: almost no armour, amphibious, 8 rings, camouflage 1, gelatinous body 1,
(nimble swimmer 1), tentacles
a: Renounce Religion


You were in the Dungeon.
You worshipped Vehumet.
Vehumet was most pleased with you.
You visited 1 branch

Inventory:

Hand Weapons
 k - a +2 quarterstaff of protection (weapon)
Scrolls
 f - a scroll of blinking
 h - 5 scrolls of amnesia
 i - a scroll of summoning
Potions
 a - 5 potions of magic
 b - 6 potions of curing
 c - 4 potions of heal wounds
 d - a potion of haste
 e - 3 potions of berserk rage
 g - 2 potions of invisibility


   Skills:
 + Level 1.0 Fighting
 + Level 2.8 Staves
 + Level 3.5 Dodging
 + Level 4.1 Stealth
 + Level 4.5 Spellcasting
 + Level 1.0 Transmutations
 + Level 7.3 Earth Magic


You had 5 spell levels left.
You knew the following spells:

 Your Spells              Type           Power      Damage    Failure   Level
a - Sandblast             Erth           64%        2d14      1%          1
b - Stone Arrow           Conj/Erth      36%        3d9       2%          3
c - Petrify               Tmut/Erth      20%        N/A       24%         4

Your spell library contained the following spells:

 Spells                   Type           Power      Damage    Failure   Level
 Ignite Poison            Fire/Tmut/Pois 5%         N/A       10%         3
 Passwall                 Tmut/Erth      16%        N/A       3%          2


Dungeon Overview and Level Annotations

Branches:
Dungeon (1/1)

Altars:
Ashenzari
Cheibriados
Dithmenos
Elyvilon
Fedhas
Gozag
Hepliaklqana
Kikubaaqudgha
Makhleb
Nemelex Xobeh
Okawaru
Qazlal
Ru
Sif Muna
Trog
Uskayaw
Vehumet
Wu Jian
Xom
Yredelemnul
Zin
The Shining One
Jiyva
Lugonu

Annotations:
D Grinder


Innate Abilities, Weirdness & Mutations

You cannot wear most types of armour.
You are amphibious.
You can wear up to eight rings at the same time.
Your skin changes colour to match your surroundings (Stealth+).
Your rubbery body absorbs attacks. (AC +1, EV +1)
((You are camouflaged when in or above water. (Stealth+)))
You have tentacles for arms and can constrict up to eight enemies at once.


Message History

The wolf bites you!
Casting: Sandblast (safe; 1% risk of failure)
Confirm with . or Enter, or press ? or * to list all spells.
Aiming: Sandblast (safe; 1% risk of failure)
Press: ? - help, Shift-Dir - straight line, f - wolf
Aim: a wolf (73% to hit)
The blast of sand misses the wolf.
The blast of sand misses the fire bat.
The blast of sand hits the gnoll!!
You kill the gnoll!
Vehumet accepts your kill.
Vehumet offers you knowledge of Ignite Poison.
The wolf bites you. The wolf bites you!
You have reached level 5!
You feel agile.
You feel much better. The wolf bites you! x2
Unknown command.
You feel much better. The wolf barely misses you.
A rat comes into view.
The wolf bites you.
Unknown command.
Casting: Sandblast (safe; 1% risk of failure)
Confirm with . or Enter, or press ? or * to list all spells.
Aiming: Sandblast (safe; 1% risk of failure)
Press: ? - help, Shift-Dir - straight line, f/p - wolf
Aim: a wolf (73% to hit)
The blast of sand misses the wolf.
The blast of sand hits the fire bat!!
The fire bat is almost dead.
The wolf bites you! x2
Unknown command.
Casting: Sandblast (safe; 1% risk of failure)
Confirm with . or Enter, or press ? or * to list all spells.
Aiming: Sandblast (safe; 1% risk of failure)
Press: ? - help, Shift-Dir - straight line, f/p - wolf
Aim: a wolf (73% to hit)
The blast of sand hits the wolf!
The wolf is heavily wounded.
The wolf bites you!
* * * LOW HITPOINT WARNING * * *
The wolf bites you!
You die...

##########.##.....
#...........'.....
#'#####'#####.....
#.#..#..#..##.....
#.#..)..#))#####'#
#.#..####))##.....
#.#.÷#..#))##.....
#.#..#..#[[##.....
#@##'#).#'###...<.
#h#...†....##.....
#b#........##.....
#g###########.....
#g5# ###### #r...
##.#.# .....
.#.#5#


You could see Grinder, a fire bat, a wolf, a gnoll bouda, a gnoll (swift) and a
rat.

Vanquished Creatures
  A black bear (D)
  2 gnolls (D)
  An adder skeleton (D)
  2 ball pythons (D)
  A bat zombie (D)
  3 jackals (D)
  A kobold (D)
  2 quokkas (D)
13 creatures vanquished.

Notes
Turn   | Place    | Note
-------+----------+-------------------------------------------
     0 | D        | rocky1 the Octopode Earth Elementalist began the quest for
                  | the Orb.
     0 | D        | Reached XP level 1. HP: 11/11 MP: 3/3
    18 | D        | Found a bloodstained altar of Trog.
    18 | D        | Found a shimmering blue altar of Sif Muna.
    18 | D        | Found a viscous altar of Jiyva.
    18 | D        | Found a hazy altar of Hepliaklqana.
    18 | D        | Found an opulent altar of Gozag.
    19 | D        | Found a glowing golden altar of the Shining One.
    19 | D        | Found a glowing silver altar of Zin.
    19 | D        | Found a basalt altar of Yredelemnul.
    19 | D        | Found a shimmering altar of Xom.
    19 | D        | Found an ornate altar of the Wu Jian Council.
    19 | D        | Found a sacrificial altar of Ru.
    19 | D        | Found a stormy altar of Qazlal.
    19 | D        | Found an iron altar of Okawaru.
    19 | D        | Found a sparkling altar of Nemelex Xobeh.
    19 | D        | Found a burning altar of Makhleb.
    19 | D        | Found a blossoming altar of Fedhas.
    19 | D        | Found a white marble altar of Elyvilon.
    19 | D        | Found a shadowy altar of Dithmenos.
    19 | D        | Found a snail-covered altar of Cheibriados.
    21 | D        | Found a radiant altar of Vehumet.
    21 | D        | Found a corrupted altar of Lugonu.
    22 | D        | Found a hide-covered altar of Uskayaw.
    22 | D        | Found an ancient bone altar of Kikubaaqudgha.
    22 | D        | Found a broken altar of Ashenzari.
    31 | D        | Became a worshipper of Vehumet
    79 | D        | Reached * piety under Vehumet
    79 | D        | Offered knowledge of Magic Dart by Vehumet.
    80 | D        | Reached skill level 4 in Earth Magic
    82 | D        | Reached skill level 1 in Staves
   338 | D        | Reached XP level 2. HP: 15/17 MP: 1/5
   341 | D        | Reached ** piety under Vehumet
   427 | D        | Noticed a black bear
   434 | D        | Offered knowledge of Foxfire by Vehumet.
   505 | D        | Killed a black bear
   506 | D        | Reached skill level 7 in Earth Magic
   506 | D        | Reached XP level 3. HP: 11/22 MP: 5/8
   506 | D        | Reached XP level 4. HP: 13/27 MP: 6/10
   507 | D        | Reached *** piety under Vehumet
   508 | D        | Reached skill level 1 in Fighting
   703 | D        | Learned a level 3 spell: Stone Arrow
   708 | D        | Learned a level 4 spell: Petrify
   819 | D        | Noticed a wolf
   820 | D        | Noticed a fire bat
   821 | D        | Noticed Grinder
   824 | D        | Offered knowledge of Ignite Poison by Vehumet.
   825 | D        | Reached XP level 5. HP: 11/33 MP: 9/11
   828 | D        | HP: 1/33 [wolf (12)]
   828 | D        | Mangled by a wolf

Illustrated notes

Levels and vault maps discovered:
D:        pitsprint [storerooms_1, entrance_room_1, metal_vault_1, armoury_2,
          mini_pit_1, grid_room_1, main_hall_1, silver_pit, the_coven_1,
          the_vestibule_1, steel_vault_2, golden_pit, hallway_of_sentries,
          crystal_vault_6, iron_vault_2, final_vault]

Skill      XL: |  1  2  3  4 |
---------------+-------------+-----
Earth Magic    | 4 7 |  7.3
Staves         | 1 2 |  2.8
Dodging        | 3 |  3.5
Stealth        | 4 |  4.1
Spellcasting   | 4 |  4.5
Fighting       | 1 |  1.0
Transmutations | |  1.0

Action                   |  1- 3 |  4- 6 || total
-------------------------+-------+-------++-------
Melee: Quarterstaff      |    18 |       ||    18
       Constrict         |     5 |       ||     5
       Tentacles         |     2 |       ||     2
       Punch             |     1 |       ||     1
 Cast: Sandblast         |     9 |     5 ||    14
  Use: Potion            |       |     2 ||     2
Armor: Skin              |     7 |       ||     7
Dodge: Dodged            |    21 |     6 ||    27

Table legend: (Time is in decaauts)
 A = Elapsed time spent in this place.
 B = Non-inter-level travel time spent in this place.
 C = Inter-level travel time spent in this place.
 D = Time resting spent in this place.
 E = Time spent auto-exploring this place.
 F = Levels seen in this place.
 G = Mean time per level.
                   A        B        C        D        E       F      G
               +--------+--------+--------+--------+--------+-----+--------+
         Total |    838 |    818 |     20 |    633 |      0 |   1 |  838.0 |
       Dungeon |    838 |    818 |     20 |    633 |      0 |   1 |  838.0 |
               +--------+--------+--------+--------+--------+-----+--------+

Top non-repeatable levels by time:
       D: 838 daAuts
